 Dungeon Crawl Stone Soup version 0.31-a0-175-g9f7f995f2b (webtiles) character file.

Game seed: 15267077898397475412

20695 qw the Cleaver (level 12, -8/77 HPs)
             Began as a Gargoyle Fighter on June 16, 2023.
             Was an Elder of Okawaru.
             Shot with an arrow by Nessos (10 damage)
             ... on level 3 of the Lair of Beasts.
             The game lasted 00:07:10 (13349 turns).

qw the Cleaver (Gargoyle Fighter)                  Turns: 13349, Time: 00:07:10

Health: -8/77      AC: 33    Str: 20    XL:     12   Next: 82%
Magic:  14/16      EV:  8    Int: 18    God:    Okawaru [****..]
Gold:   617        SH:  6    Dex:  7    Spells: 11/11 levels left

rFire   . . .        k - +0 broad axe
rCold   . . .        c - +0 buckler
rNeg    + . .        j - +2 plate armour {rPois}
rPois   inf          m - +0 helmet
rElec   +            h - +0 cloak
rCorr   .            g - +1 pair of gloves
SInv    +            (no boots)
Will    +....        (no amulet) Stlth
                     t - ring of see invisible
HPRegen 0.32/turn    o - ring of willpower
MPRegen 0.15/turn

%: no passive effects
@: heroic
A: sickness immunity, AC +8, negative energy resistance 1, electricity
resistance, torment resistance 1, petrification resistance, talons 1, clever 2,
weak 1
a: Renounce Religion, Heroism, Finesse


You were on level 3 of the Lair of Beasts.
You worshipped Okawaru.
Okawaru was greatly pleased with you.
You visited 3 branches of the dungeon, and saw 13 of its levels.

You collected 617 gold pieces.


Innate Abilities, Weirdness & Mutations

You are immune to sickness and miasma.
Your stone body is resilient. (AC +8)
You are immune to poison.
You resist negative energy. (rN+)
You are resistant to electric shocks. (rElec)
You are resistant to unholy torment.
You are immune to petrification.
You have sharp toenails.
Your mind is very acute. (Int +8, Str/Dex -2)
You are weak. (Str -2)


   Skills:
 - Level 10.0(15.0) Fighting
 + Level 13.9(18.9) Axes
 - Level 2.8(7.8) Throwing
 - Level 10.0(15.0) Armour
 - Level 1.2(6.2) Dodging
 - Level 6.1(11.1) Shields
 + Level 6.1 Invocations


You had 11 spell levels left.
You didn't know any spells.
Your spell library was empty.

Inventory:

Hand Weapons
 a - a +1 war axe of flaming
 k - a +0 broad axe (weapon)
Armour
 c - a +0 buckler (worn)
 g - a +1 pair of gloves (worn)
 h - a +0 cloak (worn)
 j - a +2 plate armour of poison resistance (worn)
 m - a +0 helmet (worn)
Jewellery
 i - a ring of fire
 o - a ring of willpower (right hand)
 t - a ring of see invisible (left hand)
 Y - a ring of positive energy
Wands
 q - a wand of digging (6)
Scrolls
 e - a scroll of identify
Potions
 b - 3 potions of curing
 d - 4 potions of might
 f - a potion of magic
 l - 2 potions of lignification
 n - a potion of resistance
 p - 3 potions of attraction
 r - a potion of cancellation
 u - a potion of berserk rage {unknown}
 v - a potion of haste

Dungeon Overview and Level Annotations

Branches:
Dungeon (9/15)             Temple (1/1) D:4            Lair (3/5) D:9
  Swamp: Lair:2-3    Shoals: Lair:2-3     Snake: Lair:2-3    Spider: Lair:2-3
    Orc: D:9-12

Altars:
Ashenzari
Cheibriados
Dithmenos
Elyvilon
Fedhas
Gozag
Hepliaklqana
Kikubaaqudgha
Makhleb
Nemelex Xobeh
Okawaru
Qazlal
Ru
Sif Muna
Trog
Uskayaw
Vehumet
Wu Jian
Xom
Yredelemnul
Zin

Shops:
D:5 =

Annotations:
D:7 2 runed translucent doors, Crazy Yiuf; qw's ghost, novice GrFi
Lair:3 Nessos


Message History

The yak is almost dead.
The yak gores you but does no damage.
You slice the yak!!
You kill the yak!
Okawaru accepts your kill.
You start resting.
Magic restored.
You start resting.
You feel like a meek peon again.
Nessos the Markscentaur comes into view.
Nessos wields a +3 longbow of flaming.
It bursts into flame!
Nessos shoots an arrow.
The arrow hits you but does no damage.
Enter note:
Enter note: Nessos gestures wildly while chanting.
Nessos seems to speed up.
Nessos intently looks at you, slowly moving their tail.
Nessos shoots an arrow.
The arrow hits you but does no damage.
Enter note:
Enter note: Nessos shoots an arrow.
The arrow hits you. The arrow burns you.
Nessos shoots an arrow.
The arrow hits you! The arrow burns you.
Enter note:
Enter note:
13347 ||| INVOKING Heroism.
You gain the combat prowess of a mighty hero.
Nessos shoots an arrow.
The arrow hits you! The arrow burns you.
Nessos shoots an arrow.
The arrow hits you. The arrow burns you.
Enter note: Nessos intently looks at you, slowly moving their tail.
Nessos shoots an arrow.
The arrow closely misses you.
Nessos casts a spell.
Nessos blinks!
Enter note:
Enter note:
Enter note: Nessos intently looks at you, slowly moving their tail.
Nessos shoots an arrow.
The arrow hits you but does no damage.
Nessos shoots an arrow.
The arrow hits you!! The arrow burns you!
You die...

#.......#.......
#.....(.##....#
####...####).## #..##
#...## ##.>## ##...# #.
#....# #..## .... ###
##...# ##..#.
#....####.####.#####.....
#...ยค..@.%%...#.........
##........c..%........P.
#........#..%.%........
#####.##.###.#%####.###
###### ##.## ### # ###


You could see Nessos (fast).

Vanquished Creatures
  A two-headed ogre (D:9)
  Amaemon (Lair:2)
  Pikel (D:9)
  4 black mambas
  3 elephants (Lair:2)
  An orange demon (Lair:2)
  2 torpor snails
  Joseph (D:7)
  3 cane toads
  A rime drake (Lair:2)
  4 komodo dragons
  A troll (D:8)
  3 polar bears
  9 blink frogs (Lair:3)
  Grinder (D:6)
  10 dream sheep
  A shadow (D:9)
  18 yaks
  A basilisk (Lair:2)
  Eustachio (D:5)
  3 steam dragons
  Menkaure (D:6)
  11 water moccasins
  6 orc warriors
  A sky beast (D:8)
  5 black bears
  A centaur (D:9)
  A phantom (D:5)
  10 bullfrogs
  3 scorpions
  2 gnoll sergeants
  5 wights (D:9)
  11 killer bees (D:7)
  5 howler monkeys
  A lava snake (D:9)
  5 hounds
  5 jellies
  4 orc priests
  2 gnoll boudas
  Jessica (D:2)
  Terence (D:2)
  A sleepcap (D:5)
  2 iguanas (D:5)
  6 orc wizards
  Robin (D:3)
  17 gnolls
  8 adders
  3 shadow imps (D:6)
  5 white imps
  An ufetubus (D:6)
  7 worms
  4 dart slugs
  14 orcs
  5 ball pythons
  3 bats
  8 endoplasms
  2 giant cockroaches
  17 goblins
  7 hobgoblins
  3 jackals (D:4)
  4 quokkas
  4 frilled lizards
  7 kobolds
  4 rats
284 creatures vanquished.

Notes
Turn   | Place    | Note
-------+----------+-------------------------------------------
     0 | D:1      | qw the Gargoyle Fighter began the quest for the Orb.
     0 | D:1      | Reached XP level 1. HP: 14/14 MP: 1/1
     0 | D:1      | 0 ||| qw: Version: 0.2-a-29-g511e9b1
     0 | D:1      | 0 ||| qw: Game counter: 5884
     0 | D:1      | 0 ||| qw: Always use a shield: true
     0 | D:1      | 0 ||| qw: God list: Okawaru
     0 | D:1      | 0 ||| qw: Allow faded altars: false
     0 | D:1      | 0 ||| qw: Do Orc after D:15 true
     0 | D:1      | 0 ||| qw: Do second Lair branch before Depths: true
     0 | D:1      | 0 ||| qw: Lair rune preference: random
     0 | D:1      | 0 ||| qw: Plans: Normal, Zot:1-4, Slime:5, God:TSO, Crypt,
                  | Tomb, Abyss, Pan, Hells, Win
     0 | D:1      | 0 ||| PLANNING D:1-11
   188 | D:1      | Reached skill level 2 in Axes
   338 | D:1      | Reached XP level 2. HP: 19/19 MP: 2/2
   794 | D:1      | 794 ||| UPGRADING to +0 pair of gloves.
   799 | D:1      | 799 ||| UPGRADING to +0 cloak.
   829 | D:2      | 829 ||| Stepping ~*~*~tactically~*~*~ (hiding).
   832 | D:2      | 832 ||| Stepping ~*~*~tactically~*~*~ (hiding).
   966 | D:2      | 966 ||| Stepping ~*~*~tactically~*~*~ (stealth).
   975 | D:2      | Reached skill level 3 in Axes
   975 | D:2      | Reached XP level 3. HP: 17/23 MP: 3/3
  1026 | D:2      | Reached XP level 4. HP: 28/28 MP: 4/4
  1040 | D:2      | 1040 ||| Stepping ~*~*~tactically~*~*~ (stealth).
  1041 | D:2      | 1041 ||| Stepping ~*~*~tactically~*~*~ (stealth).
  1050 | D:2      | Noticed Jessica
  1051 | D:2      | 1051 ||| Stepping ~*~*~tactically~*~*~ (hiding).
  1059 | D:2      | 1059 ||| Stepping ~*~*~tactically~*~*~ (hiding).
  1063 | D:2      | Killed Jessica
  1064 | D:2      | Reached skill level 4 in Axes
  1317 | D:2      | Noticed Terence
  1335 | D:2      | Killed Terence
  1336 | D:2      | Reached XP level 5. HP: 26/32 MP: 5/5
  1464 | D:2      | 1464 ||| Stepping ~*~*~tactically~*~*~ (stealth).
  1669 | D:3      | Noticed Robin
  1679 | D:3      | Killed Robin
  1680 | D:3      | Reached skill level 5 in Axes
  1688 | D:3      | 1688 ||| Stepping ~*~*~tactically~*~*~ (stealth).
  1705 | D:3      | Noticed a water moccasin
  1710 | D:3      | 1710 ||| Stepping ~*~*~tactically~*~*~ (stealth).
  1712 | D:3      | 1712 ||| Stepping ~*~*~tactically~*~*~ (stealth).
  1731 | D:3      | 1731 ||| Stepping ~*~*~tactically~*~*~ (stealth).
  1735 | D:3      | 1735 ||| Stepping ~*~*~tactically~*~*~ (hiding).
  1741 | D:3      | 1741 ||| FLEEEEING.
  1763 | D:3      | 1763 ||| FLEEEEING.
  1764 | D:3      | 1764 ||| FLEEEEING.
  1765 | D:3      | 1765 ||| FLEEEEING.
  1766 | D:3      | 1766 ||| STAIRDANCE
  1800 | D:2      | 1800 ||| UPGRADING to +0 helmet.
  1805 | D:2      | 1805 ||| READING scroll labelled SESMOUSTRIANO.
  1839 | D:3      | 1839 ||| Stepping ~*~*~tactically~*~*~ (stealth).
  1843 | D:3      | 1843 ||| Stepping ~*~*~tactically~*~*~ (hiding).
  1853 | D:3      | Reached XP level 6. HP: 38/38 MP: 6/6
  1977 | D:3      | Reached skill level 1 in Dodging
  2096 | D:3      | 2096 ||| DROPPING +0 mace.
  2097 | D:3      | 2097 ||| UPGRADING to +1 war axe of flaming.
  2098 | D:3      | 2098 ||| DROPPING +0 war axe.
  2180 | D:3      | 2180 ||| READING 2 scrolls labelled XYOMME MACU.
  2185 | D:3      | 2185 ||| DRINKING 2 coppery potions.
  2186 | D:3      | 2186 ||| DROPPING potion of brilliance.
  2269 | D:4      | HP: 8/38 [gnoll bouda/+0 whip (3)]
  2270 | D:4      | 2270 ||| READING scroll of teleportation.
  2274 | D:4      | 2274 ||| FLEEEEING.
  2275 | D:4      | 2275 ||| FLEEEEING.
  2276 | D:4      | 2276 ||| FLEEEEING.
  2277 | D:4      | 2277 ||| FLEEEEING.
  2278 | D:4      | 2278 ||| FLEEEEING.
  2279 | D:4      | 2279 ||| FLEEEEING.
  2283 | D:4      | HP: 9/38 [gnoll/+0 spear[a gnoll sergeant] (1)]
  2285 | D:4      | 2285 ||| FLEEEEING.
  2286 | D:4      | 2286 ||| FLEEEEING.
  2287 | D:4      | 2287 ||| FLEEEEING.
  2289 | D:4      | 2289 ||| FLEEEEING.
  2290 | D:4      | 2290 ||| FLEEEEING.
  2291 | D:4      | 2291 ||| FLEEEEING.
  2293 | D:4      | 2293 ||| STAIRDANCE
  2400 | D:4      | Reached skill level 6 in Axes
  2427 | D:4      | 2427 ||| Stepping ~*~*~tactically~*~*~ (hiding).
  2428 | D:4      | 2428 ||| Stepping ~*~*~tactically~*~*~ (hiding).
  2429 | D:4      | 2429 ||| Stepping ~*~*~tactically~*~*~ (hiding).
  2434 | D:4      | Reached XP level 7. HP: 43/43 MP: 7/7
  2488 | D:4      | 2488 ||| Stepping ~*~*~tactically~*~*~ (stealth).
  2519 | D:4      | 2519 ||| Stepping ~*~*~tactically~*~*~ (hiding).
  2647 | D:4      | 2647 ||| Stepping ~*~*~tactically~*~*~ (hiding).
  2648 | D:4      | 2648 ||| Stepping ~*~*~tactically~*~*~ (hiding).
  2902 | D:4      | 2902 ||| Stepping ~*~*~tactically~*~*~ (stealth).
  2903 | D:4      | 2903 ||| Stepping ~*~*~tactically~*~*~ (stealth).
  2905 | D:4      | 2905 ||| Stepping ~*~*~tactically~*~*~ (hiding).
  2906 | D:4      | 2906 ||| Stepping ~*~*~tactically~*~*~ (hiding).
  2908 | D:4      | 2908 ||| Stepping ~*~*~tactically~*~*~ (hiding).
  3034 | D:4      | Found a staircase to the Ecumenical Temple.
  3035 | D:4      | 3035 ||| PLANNING TEMPLE
  3035 | D:4      | 3035 ||| UPGRADING to +0 chain mail.
  3045 | D:4      | 3045 ||| DROPPING +0 scale mail.
  3046 | D:4      | 3046 ||| DROPPING +1 leather armour of fire resistance.
  3047 | D:4      | 3047 ||| READING 2 scrolls of identify.
  3047 | D:4      | 3047 ||| IDENTIFYING fizzy silvery potion
  3048 | D:4      | 3048 ||| Stepping ~*~*~tactically~*~*~ (stealth).
  3050 | D:4      | 3050 ||| Stepping ~*~*~tactically~*~*~ (stealth).
  3052 | D:4      | 3052 ||| Stepping ~*~*~tactically~*~*~ (hiding).
  3054 | D:4      | 3054 ||| Stepping ~*~*~tactically~*~*~ (hiding).
  3055 | D:4      | 3055 ||| Stepping ~*~*~tactically~*~*~ (hiding).
  3056 | D:4      | 3056 ||| Stepping ~*~*~tactically~*~*~ (hiding).
  3097 | Temple   | Entered the Ecumenical Temple
  3191 | Temple   | 3191 ||| PLANNING OKAWARU WORSHIP
  3327 | Temple   | Became a worshipper of Warmaster Okawaru
  3328 | Temple   | 3328 ||| PLANNING D:1-11
  3406 | D:4      | 3406 ||| Stepping ~*~*~tactically~*~*~ (stealth).
  3443 | D:4      | 3443 ||| Stepping ~*~*~tactically~*~*~ (stealth).
  3445 | D:4      | 3445 ||| Stepping ~*~*~tactically~*~*~ (stealth).
  3463 | D:4      | 3463 ||| Stepping ~*~*~tactically~*~*~ (stealth).
  3503 | D:5      | Entered Level 5 of the Dungeon
  3522 | D:5      | Reached skill level 7 in Axes
  3529 | D:5      | Found a glowing silver altar of Zin.
  3529 | D:5      | Found a sacrificial altar of Ru.
  3614 | D:5      | 3614 ||| FLEEEEING.
  3719 | D:5      | Reached XP level 8. HP: 43/49 MP: 8/8
  3905 | D:5      | Found Jeuf's Jewellery Shoppe.
  3912 | D:5      | Noticed Eustachio
  3913 | D:5      | 3913 ||| SHOPLISTING +4 ring of protection (540 gold, have
                  | 209).
  3913 | D:5      | 3913 ||| SHOPLISTING amulet of reflection (450 gold, have
                  | 209).
  3913 | D:5      | 3913 ||| SHOPLISTING amulet of regeneration (450 gold, have
                  | 209).
  3913 | D:5      | 3913 ||| SHOPLISTING ring of fire (375 gold, have 209).
  3913 | D:5      | 3913 ||| SHOPLISTING ring of ice (375 gold, have 209).
  3913 | D:5      | 3913 ||| SHOPLISTING ring of protection from cold (375
                  | gold, have 209).
  3913 | D:5      | 3913 ||| SHOPLISTING ring of see invisible (225 gold, have
                  | 209).
  3936 | D:5      | Killed Eustachio
  3936 | D:5      | Reached * piety under Okawaru
  4384 | D:5      | Found a radiant altar of Vehumet.
  4477 | D:5      | 4477 ||| READING scroll labelled ASUTHR BYEHE.
  4478 | D:5      | 4478 ||| READING scroll labelled LIG MUOSAITOA.
  4479 | D:5      | 4479 ||| READING scroll labelled NOEL ZAMA PEX.
  4480 | D:5      | 4480 ||| DRINKING 2 brown potions.
  4481 | D:5      | 4481 ||| READING 2 scrolls of identify.
  4481 | D:5      | 4481 ||| IDENTIFYING red potion
  4500 | D:6      | Reached skill level 1 in Invocations
  4574 | D:6      | 4574 ||| INVOKING Heroism.
  4625 | D:6      | Noticed Grinder
  4626 | D:6      | 4626 ||| Stepping ~*~*~tactically~*~*~ (hiding).
  4630 | D:6      | 4630 ||| INVOKING Heroism.
  4631 | D:6      | Paralysed by Grinder for 4 turns
  4637 | D:6      | Killed Grinder
  4638 | D:6      | Reached skill level 8 in Axes
  4669 | D:6      | 4669 ||| Stepping ~*~*~tactically~*~*~ (stealth).
  4670 | D:6      | 4670 ||| Stepping ~*~*~tactically~*~*~ (stealth).
  4671 | D:6      | 4671 ||| Stepping ~*~*~tactically~*~*~ (stealth).
  4734 | D:6      | Reached skill level 3 in Invocations
  4740 | D:6      | Noticed Menkaure
  4741 | D:6      | 4741 ||| Stepping ~*~*~tactically~*~*~ (hiding).
  4743 | D:6      | 4743 ||| Stepping ~*~*~tactically~*~*~ (hiding).
  4744 | D:6      | 4744 ||| INVOKING Heroism.
  4747 | D:6      | Killed Menkaure
  4748 | D:6      | Reached skill level 6 in Fighting
  4760 | D:6      | 4760 ||| Stepping ~*~*~tactically~*~*~ (stealth).
  4806 | D:6      | Found a shadowy altar of Dithmenos.
  4874 | D:6      | Reached XP level 9. HP: 55/55 MP: 11/11
  4969 | D:6      | 4969 ||| Stepping ~*~*~tactically~*~*~ (hiding).
  4979 | D:6      | 4979 ||| Stepping ~*~*~tactically~*~*~ (hiding).
  5063 | D:6      | Found a snail-covered altar of Cheibriados.
  5192 | D:6      | 5192 ||| INVOKING Heroism.
  5258 | D:6      | 5258 ||| Stepping ~*~*~tactically~*~*~ (stealth).
  5319 | D:6      | 5319 ||| DROPPING scarf of invisibility.
  5320 | D:6      | 5320 ||| UPGRADING to ring of positive energy.
  5321 | D:6      | 5321 ||| READING scroll labelled POVOMI WOIDGHURUW.
  5322 | D:6      | 5322 ||| DRINKING 2 yellow potions.
  5323 | D:6      | 5323 ||| DRINKING potion of curing.
  5323 | D:6      | 5323 ||| (to cure confusion)
  5324 | D:6      | 5324 ||| DRINKING 3 emerald potions.
  5324 | D:6      | Gained mutation: You are frail. (-10% HP) [potion of
                  | mutation]
  5325 | D:6      | 5325 ||| DRINKING 2 potions of mutation.
  5325 | D:6      | Lost mutation: You are frail. (-10% HP) [potion of
                  | mutation]
  5325 | D:6      | Gained mutation: You are weak. (Str -2) [potion of
                  | mutation]
  5325 | D:6      | Gained mutation: Your mind is acute. (Int +4, Str/Dex -1)
                  | [potion of mutation]
  5325 | D:6      | Gained mutation: You sometimes lose your temper in combat.
                  | [potion of mutation]
  5345 | D:6      | 5345 ||| DRINKING potion of mutation.
  5345 | D:6      | Lost mutation: You sometimes lose your temper in combat.
                  | [potion of mutation]
  5345 | D:6      | Lost mutation: Your mind is acute. (Int +4, Str/Dex -1)
                  | [potion of mutation]
  5345 | D:6      | Gained mutation: Your mind is acute. (Int +4, Str/Dex -1)
                  | [potion of mutation]
  5345 | D:6      | Gained mutation: You have sharp toenails. [potion of
                  | mutation]
  5345 | D:6      | Gained mutation: Your mind is very acute. (Int +8, Str/Dex
                  | -2) [potion of mutation]
  5346 | D:6      | 5346 ||| READING 2 scrolls of identify.
  5346 | D:6      | 5346 ||| IDENTIFYING glowing blue potion
  5347 | D:6      | 5347 ||| DROPPING potion of degeneration.
  5348 | D:6      | 5348 ||| DROPPING potion of ambrosia.
  5452 | D:7      | 5452 ||| Stepping ~*~*~tactically~*~*~ (hiding).
  5454 | D:7      | 5454 ||| INVOKING Heroism.
  5493 | D:7      | 5493 ||| FLEEEEING.
  5494 | D:7      | 5494 ||| FLEEEEING.
  5495 | D:7      | 5495 ||| FLEEEEING.
  5496 | D:7      | 5496 ||| FLEEEEING.
  5497 | D:7      | 5497 ||| FLEEEEING.
  5498 | D:7      | 5498 ||| FLEEEEING.
  5499 | D:7      | 5499 ||| FLEEEEING.
  5500 | D:7      | 5500 ||| STAIRDANCE
  5570 | D:6      | 5570 ||| READING scroll labelled APOICOESUAS.
  5573 | D:7      | 5573 ||| INVOKING Heroism.
  5578 | D:7      | Reached skill level 9 in Axes
  5638 | D:7      | 5638 ||| Stepping ~*~*~tactically~*~*~ (stealth).
  5640 | D:7      | 5640 ||| Stepping ~*~*~tactically~*~*~ (stealth).
  5642 | D:7      | 5642 ||| Stepping ~*~*~tactically~*~*~ (hiding).
  5646 | D:7      | 5646 ||| INVOKING Heroism.
  5675 | D:7      | 5675 ||| INVOKING Heroism.
  5794 | D:7      | Found a runed translucent door.
  5795 | D:7      | Noticed Crazy Yiuf
  5829 | D:7      | Found a runed translucent door.
  5831 | D:7      | Noticed qw's ghost (novice GrFi)
  5849 | D:7      | 5849 ||| Stepping ~*~*~tactically~*~*~ (stealth).
  5861 | D:7      | 5861 ||| INVOKING Heroism.
  5878 | D:7      | 5878 ||| FLEEEEING.
  5879 | D:7      | 5879 ||| INVOKING Heroism.
  5889 | D:7      | 5889 ||| Stepping ~*~*~tactically~*~*~ (stealth).
  5890 | D:7      | 5890 ||| Stepping ~*~*~tactically~*~*~ (stealth).
  5891 | D:7      | 5891 ||| Stepping ~*~*~tactically~*~*~ (stealth).
  5960 | D:7      | 5960 ||| Stepping ~*~*~tactically~*~*~ (stealth).
  6037 | D:7      | 6037 ||| Stepping ~*~*~tactically~*~*~ (hiding).
  6038 | D:7      | 6038 ||| Stepping ~*~*~tactically~*~*~ (hiding).
  6046 | D:7      | 6046 ||| INVOKING Heroism.
  6065 | D:7      | 6065 ||| Stepping ~*~*~tactically~*~*~ (hiding).
  6068 | D:7      | 6068 ||| INVOKING Heroism.
  6083 | D:7      | Reached skill level 10 in Axes
  6104 | D:7      | 6104 ||| Stepping ~*~*~tactically~*~*~ (stealth).
  6106 | D:7      | 6106 ||| Stepping ~*~*~tactically~*~*~ (stealth).
  6177 | D:7      | Noticed Joseph
  6179 | D:7      | 6179 ||| FLEEEEING.
  6180 | D:7      | 6180 ||| FLEEEEING.
  6181 | D:7      | 6181 ||| FLEEEEING.
  6182 | D:7      | 6182 ||| FLEEEEING.
  6183 | D:7      | 6183 ||| FLEEEEING.
  6189 | D:7      | 6189 ||| STAIRDANCE
  6234 | D:6      | 6234 ||| UPGRADING to +0 plate armour.
  6244 | D:6      | 6244 ||| DROPPING +0 chain mail.
  6245 | D:6      | 6245 ||| UPGRADING to +2 plate armour of poison resistance.
  6255 | D:6      | 6255 ||| DROPPING +0 plate armour.
  6256 | D:6      | 6256 ||| DRINKING 3 sedimented amethyst potions.
  6275 | D:6      | 6275 ||| READING 2 scrolls of identify.
  6275 | D:6      | 6275 ||| IDENTIFYING metallic brown potion
  6279 | D:7      | 6279 ||| Stepping ~*~*~tactically~*~*~ (hiding).
  6280 | D:7      | 6280 ||| STAIRDANCE
  6318 | D:7      | 6318 ||| Stepping ~*~*~tactically~*~*~ (hiding).
  6332 | D:7      | Killed Joseph
  6333 | D:7      | Reached XP level 10. HP: 51/63 MP: 13/13
  7342 | D:8      | 7342 ||| INVOKING Heroism.
  7368 | D:8      | Reached skill level 6 in Armour
  7499 | D:8      | 7499 ||| INVOKING Heroism.
  7585 | D:8      | 7585 ||| Stepping ~*~*~tactically~*~*~ (hiding).
  7586 | D:8      | 7586 ||| Stepping ~*~*~tactically~*~*~ (hiding).
  7649 | D:8      | 7649 ||| Stepping ~*~*~tactically~*~*~ (stealth).
  7693 | D:8      | 7693 ||| INVOKING Heroism.
  7822 | D:8      | 7822 ||| Stepping ~*~*~tactically~*~*~ (hiding).
  7823 | D:8      | 7823 ||| Stepping ~*~*~tactically~*~*~ (hiding).
  7826 | D:8      | 7826 ||| INVOKING Heroism.
  7888 | D:8      | 7888 ||| Stepping ~*~*~tactically~*~*~ (stealth).
  8220 | D:8      | 8220 ||| Stepping ~*~*~tactically~*~*~ (stealth).
  8222 | D:8      | 8222 ||| INVOKING Heroism.
  8408 | D:8      | 8408 ||| READING scroll labelled XAKUDI FOAD.
  8434 | D:9      | 8434 ||| STAIRDANCE
  8540 | D:9      | 8540 ||| INVOKING Heroism.
  8659 | D:9      | Found a bloodstained altar of Trog.
  8701 | D:9      | 8701 ||| INVOKING Heroism.
  8841 | D:9      | Noticed Pikel
  8860 | D:9      | Killed Pikel
  8923 | D:9      | Found a blossoming altar of Fedhas.
  9225 | D:9      | Reached ** piety under Okawaru
  9269 | D:9      | 9269 ||| INVOKING Heroism.
  9284 | D:9      | 9284 ||| INVOKING Heroism.
  9399 | D:9      | Found a staircase to the Lair.
  9400 | D:9      | 9400 ||| INVOKING Heroism.
  9440 | D:9      | 9440 ||| INVOKING Heroism.
  9473 | D:9      | 9473 ||| UPGRADING to +0 broad axe.
  9493 | D:9      | 9493 ||| Stepping ~*~*~tactically~*~*~ (stealth).
  9496 | D:9      | 9496 ||| Stepping ~*~*~tactically~*~*~ (stealth).
  9507 | D:9      | Reached XP level 11. HP: 41/68 MP: 14/14
  9507 | D:9      | 9507 ||| INVOKING Heroism.
  9514 | D:9      | Reached skill level 11 in Axes
  9639 | D:9      | Noticed a two-headed ogre
  9640 | D:9      | 9640 ||| INVOKING Heroism.
  9653 | D:9      | Killed a two-headed ogre
  9790 | D:9      | 9790 ||| PLANNING LAIR
  9790 | D:9      | 9790 ||| READING scroll labelled ZOIRUWK BEMUU.
  9791 | D:9      | 9791 ||| DRINKING 2 puce potions.
  9792 | D:9      | 9792 ||| DROPPING potion of enlightenment.
  9816 | Lair:1   | Entered Level 1 of the Lair of Beasts
  9817 | Lair:1   | 9817 ||| INVOKING Heroism.
  9819 | Lair:1   | 9819 ||| Stepping ~*~*~tactically~*~*~ (stealth).
  9820 | Lair:1   | 9820 ||| Stepping ~*~*~tactically~*~*~ (stealth).
  9828 | Lair:1   | Reached skill level 9 in Fighting
  9838 | Lair:1   | 9838 ||| STAIRDANCE
  9838 | Lair:1   | HP: 16/71 [yak (3)]
  9840 | D:9      | 9840 ||| INVOKING Heroism.
  9846 | D:9      | Reached skill level 9 in Armour
 10024 | Lair:1   | 10024 ||| INVOKING Heroism.
 10184 | Lair:1   | 10184 ||| READING scroll of enchant armour.
 10184 | Lair:1   | 10184 ||| ENCHANTING +0 pair of gloves.
 10205 | Lair:1   | Reached *** piety under Okawaru
 10442 | Lair:1   | 10442 ||| Stepping ~*~*~tactically~*~*~ (stealth).
 10443 | Lair:1   | 10443 ||| Stepping ~*~*~tactically~*~*~ (stealth).
 10444 | Lair:1   | 10444 ||| Stepping ~*~*~tactically~*~*~ (stealth).
 10445 | Lair:1   | 10445 ||| INVOKING Heroism.
 10538 | Lair:1   | 10538 ||| INVOKING Heroism.
 10564 | Lair:1   | 10564 ||| INVOKING Heroism.
 10567 | Lair:1   | Reached skill level 12 in Axes
 10772 | Lair:1   | 10772 ||| INVOKING Heroism.
 10782 | Lair:1   | Reached skill level 6 in Shields
 10974 | Lair:1   | 10974 ||| UPGRADING to ring of willpower.
 10975 | Lair:1   | 10975 ||| UPGRADING to ring of see invisible.
 10977 | Lair:1   | 10977 ||| READING 2 scrolls of identify.
 10977 | Lair:1   | 10977 ||| IDENTIFYING purple potion
 10999 | Lair:2   | 10999 ||| INVOKING Heroism.
 11033 | Lair:2   | 11033 ||| Stepping ~*~*~tactically~*~*~ (stealth).
 11072 | Lair:2   | 11072 ||| INVOKING Heroism.
 11210 | Lair:2   | 11210 ||| INVOKING Heroism.
 11218 | Lair:2   | Reached XP level 12. HP: 66/77 MP: 12/15
 11279 | Lair:2   | 11279 ||| Stepping ~*~*~tactically~*~*~ (stealth).
 11346 | Lair:2   | 11346 ||| INVOKING Heroism.
 11379 | Lair:2   | HP: 9/77 [komodo dragon (15)]
 11380 | Lair:2   | 11380 ||| READING scroll of teleportation.
 11381 | Lair:2   | 11381 ||| DRINKING potion of heal wounds.
 11382 | Lair:2   | 11382 ||| INVOKING Heroism.
 11405 | Lair:2   | Reached skill level 13 in Axes
 11570 | Lair:2   | Noticed Amaemon
 11571 | Lair:2   | 11571 ||| INVOKING Heroism.
 11599 | Lair:2   | Killed Amaemon
 11599 | Lair:2   | Reached **** piety under Okawaru
 11604 | Lair:2   | 11604 ||| INVOKING Heroism.
 11766 | Lair:2   | 11766 ||| INVOKING Heroism.
 11924 | Lair:2   | 11924 ||| Stepping ~*~*~tactically~*~*~ (stealth).
 11927 | Lair:2   | 11927 ||| Stepping ~*~*~tactically~*~*~ (stealth).
 11929 | Lair:2   | 11929 ||| INVOKING Heroism.
 12655 | Lair:2   | 12655 ||| DROPPING amulet of magic regeneration.
 12656 | Lair:2   | 12656 ||| DRINKING 2 smoky purple potions.
 12657 | Lair:2   | 12657 ||| READING 2 scrolls of identify.
 12657 | Lair:2   | 12657 ||| IDENTIFYING clear potion
 12751 | Lair:3   | 12751 ||| INVOKING Heroism.
 12767 | Lair:3   | 12767 ||| Stepping ~*~*~tactically~*~*~ (stealth).
 12786 | Lair:3   | 12786 ||| INVOKING Heroism.
 12971 | Lair:3   | 12971 ||| INVOKING Heroism.
 12972 | Lair:3   | 12972 ||| Stepping ~*~*~tactically~*~*~ (stealth).
 13009 | Lair:3   | 13009 ||| INVOKING Heroism.
 13039 | Lair:3   | 13039 ||| INVOKING Heroism.
 13061 | Lair:3   | 13061 ||| FLEEEEING.
 13062 | Lair:3   | 13062 ||| FLEEEEING.
 13209 | Lair:3   | 13209 ||| Stepping ~*~*~tactically~*~*~ (stealth).
 13251 | Lair:3   | 13251 ||| INVOKING Heroism.
 13259 | Lair:3   | Reached skill level 6 in Invocations
 13343 | Lair:3   | Noticed Nessos
 13347 | Lair:3   | 13347 ||| INVOKING Heroism.
 13349 | Lair:3   | HP: 2/77 [Nessos/arrow (21)]
 13349 | Lair:3   | Shot with an arrow by Nessos

Levels and vault maps discovered:
D:1:      mainiacjoe_arrival_reflecting_pool, layout_basic,
          chequers_decorated_corner, corner_web_ring,
          chequers_serial_rivers_large_a, palyth_stone_intersect
D:2:      layout_loops_ring, uniq_jessica, uniq_terence
D:3:      layout_rooms, nicolae_wormholes, uniq_robin
D:4:      layout_basic, minmay_temple_entry_drinking_statues, minmay_manual_mail
D:5:      layout_basic, kennysheep_mini, mainiacjoe_overflow_large_starburst,
          serial_shops, shop, uniq_eustachio
D:6:      layout_loops_cross, slow_altar_1, grunt_dithmenos_smoke_and_mirrors,
          serial_demonic, serial_demonic_f, serial_demonic_d, serial_demonic_c,
          serial_demonic_a, chequers_serial_rivers_micro_b, uniq_grinder,
          uniq_menkaure
D:7:      layout_gridville, hellmonk_ghost_happy_afterlife,
          uniq_crazy_yiuf_cottage, uniq_joseph
D:8:      layout_basic, item_on_display_b
D:9:      layout_irregular_city, amcnicky_altar_gilded, kennysheep_mini_moat,
          grunt_lair_entry_orc_guard_hut, st_stairs_6, kennysheep_small_spiral,
          uniq_pikel
Temple:   dpeg_chambers_temple
Lair:1:   layout_chaotic_city, grunt_megastairs_2
Lair:2:   layout_hall_layers, serial_bayou_pond_d, uniq_amaemon
Lair:3:   layout_concentric_octagons, palyth_hydra_swamp_entry,
          minmay_snake_entry_six_corridors, minmay_hedge_maze, uniq_josephine,
          uniq_nessos, uniq_rupert

Skill      XL: |  1  2  3  4  5  6  7  8  9 10 11 12 |
---------------+-------------------------------------+-----
Axes           | 2 3 4 5 6 7 8 10 12 13 | 13.9
Fighting       | 4 5 6 7 8 10 | 10.0
Dodging        | 1 |  1.2
Armour         | 4 5 8 9 10 | 10.0
Invocations    | 3 4 6 |  6.1
Shields        | 4 5 6 |  6.1
Throwing       | 2 |  2.8

Action                     |  1- 3 |  4- 6 |  7- 9 | 10-12 || total
---------------------------+-------+-------+-------+-------++-------
  Melee: War axe           |    63 |   176 |   295 |   181 ||   715
         Kick              |       |       |    22 |   146 ||   168
         Broad axe         |       |       |       |   400 ||   400
  Throw: Boomerang         |       |       |       |     3 ||     3
 Invoke: Heroism           |       |       |    12 |    36 ||    48
    Use: Scroll            |       |     3 |     9 |     6 ||    18
         Potion            |       |     1 |     7 |     3 ||    11
 Armour: Scale mail        |    34 |    97 |     9 |       ||   140
         Chain mail        |       |       |   181 |       ||   181
         Plate armour      |       |       |     4 |   419 ||   423
  Dodge: Dodged            |    26 |   104 |   109 |   176 ||   415
  Block: Buckler           |    10 |    30 |    57 |   152 ||   249

Table legend:
 A = Non-vault XP
 B = Vault XP
 C = Vault XP percentage of total XP
 D = Non-vault monster count
 E = Vault monster count
 F = Vault count percentage of total count
                 A         B        C        D         E       F
            +---------+---------+-------+---------+---------+-------
      Total |   23444 |    6121 |  20.7 |     229 |      55 |  19.4
            +---------+---------+-------+---------+---------+-------
        D:1 |      19 |       0 |   0.0 |      10 |       0 |   0.0
        D:2 |     115 |      73 |  38.8 |      21 |       2 |   8.7
        D:3 |     126 |      53 |  29.6 |      17 |      16 |  48.5
        D:4 |     296 |      62 |  17.3 |      26 |       6 |  18.8
        D:5 |     602 |     188 |  23.8 |      12 |       1 |   7.7
        D:6 |     451 |     517 |  53.4 |       7 |      10 |  58.8
        D:7 |    2017 |     419 |  17.2 |      36 |       1 |   2.7
        D:8 |    1339 |       0 |   0.0 |      21 |       0 |   0.0
        D:9 |    3857 |    2064 |  34.9 |      24 |      10 |  29.4
     Lair:1 |    3651 |    1060 |  22.5 |      14 |       4 |  22.2
     Lair:2 |    7042 |    1230 |  14.9 |      25 |       2 |   7.4
     Lair:3 |    3929 |     455 |  10.4 |      16 |       3 |  15.8
            +---------+---------+-------+---------+---------+-------
